 Seeded DCSS version 0.30-a0-830-gfe289a77b0 (webtiles) character file.

Game seed: 9580760818343438066 (custom seed)

4 hikkokomori the Insei (level 1, 0/16 HPs)
             Began as a Demigod Transmuter on Mar 1, 2023.
             Slain by a goblin
             ... wielding a +0 club
              (3 damage)
             ... on level 1 of the Dungeon.
             The game lasted 00:00:44 (197 turns).

hikkokomori the Insei (Demigod Transmuter)           Turns: 197, Time: 00:00:45

Health: 0/16       AC:  0    Str: 11    XL:     1   Next: 46%
Magic:  5/5        EV: 12    Int: 15    God:
Gold:   0          SH:  0    Dex: 14    Spells: 2/3 levels left

rFire   . . .      SeeInvis .    h - +0 mace
rCold   . . .      Faith    .    (no shield)
rNeg    . . .      Spirit   .    (no body armour)
rPois   .          Reflect  .    (no helmet)
rElec   .          Harm     .    (no cloak)
rCorr   .          Rampage  .    (no gloves)
Will    .....                    (no boots)
Stlth   +                        (no amulet)
HPRegen 0.22/turn                (no ring)
MPRegen 0.09/turn                (no ring)

@: no status effects
A: high MP 1, forlorn, divine attributes
a: no special abilities


You were on level 1 of the Dungeon.
You visited 1 branch of the dungeon, and saw 1 of its levels.

Inventory:

Hand Weapons
 h - a +0 mace (weapon)
Armour
 a - a +0 robe
 g - a +0 leather armour
Magical Staves
 e - a staff of fire
Scrolls
 d - 2 scrolls of identify {unknown}
 f - a scroll of silence {unknown}
Potions
 b - a potion of lignification
 c - a potion of might {unknown}


   Skills:
 + Level 1.1 Fighting
 - Level 1.7 Dodging
 + Level 0.4 Stealth
 - Level 2.6 Unarmed Combat
 - Level 1.7 Spellcasting
 + Level 1.9 Transmutations


You had 2 spell levels left.
You knew the following spells:

 Your Spells              Type           Power      Damage    Failure   Level
a - Beastly Appendage     Tmut           14%        N/A       10%         1

Your spell library contained the following spells:

 Spells                   Type           Power      Damage    Failure   Level
 Wereblood                Tmut           7%         N/A       16%         2
 Spider Form              Tmut/Pois      4%         N/A       41%         3
 Ice Form                 Ice/Tmut       4%         N/A       83%         4


Dungeon Overview and Level Annotations

Branches:
Dungeon (1/15)


Innate Abilities, Weirdness & Mutations

You have an increased reservoir of magic. (+10% MP)
You shall have no god before yourself.
Your divine heritage dramatically boosts your attributes as you level up.


Message History

The bat is moderately wounded.
The bat barely misses you. x2; The goblin misses you.
You miss the bat.
The bat is moderately wounded.
The bat barely misses you. The bat hits you.
The goblin hits you with a +0 club.
You are too injured to fight recklessly!
You are too injured to fight recklessly!
You are too injured to fight recklessly!
You are too injured to fight recklessly!
You are too injured to fight recklessly!
You are too injured to fight recklessly!
You are too injured to fight recklessly!
You are too injured to fight recklessly!
You are too injured to fight recklessly!
You are too injured to fight recklessly!
You are too injured to fight recklessly!
You are too injured to fight recklessly!
You are too injured to fight recklessly!
You are too injured to fight recklessly!
You are too injured to fight recklessly!
You are too injured to fight recklessly!
You are too injured to fight recklessly!
You are too injured to fight recklessly!
You hit the goblin.
The goblin is severely wounded.
The bat barely misses you. The bat misses you.
The goblin hits you with a +0 club. The goblin closely misses you.
The bat hits you.
You barely miss the goblin. Your punch misses the goblin.
The goblin is severely wounded.
The bat closely misses you. The goblin hits you with a +0 club.
* * * LOW HITPOINT WARNING * * *
You closely miss the goblin.
The goblin is severely wounded.
The bat barely misses you. The goblin closely misses you.
You barely miss the goblin.
The goblin is severely wounded.
The bat misses you. The goblin hits you with a +0 club.
You die...

.. +....+..#..# .
...#.....#....##.#..#
....#.....#....####..#
#.#.#.... ##.........#
.##.#.....# #.#....#.##
........#.####.#....+...
...........†##.#....#.##
............##.#....#.##
#...g@....##.#........
#.........'...........
#...b.....##.#####.###
#.........##.#####.###
#.........##..........
#.........########.###
#.........# #.#
#...!.....# #.#
########### #..


You could see a goblin and a bat.

Vanquished Creatures
  A goblin (D:1)
  A hobgoblin (D:1)
  A ball python (D:1)
  A bat (D:1)
  A rat (D:1)
5 creatures vanquished.

Notes
Turn   | Place    | Note
-------+----------+-------------------------------------------
     0 | D:1      | hikkokomori the Demigod Transmuter began the quest for the
                  | Orb.
     0 | D:1      | Reached XP level 1. HP: 15/15 MP: 5/5
    91 | D:1      | Reached skill level 1 in Fighting
   197 | D:1      | Slain by a goblin

Illustrated notes

Levels and vault maps discovered:
D:1:      dpeg_arrival_windows_large_door, layout_basic

Skill      XL: |  1 |
---------------+----+-----
Fighting       | 1 |  1.1
Dodging        | |  1.7
Stealth        | |  0.4
Unarmed Combat | |  2.6
Spellcasting   | |  1.7
Transmutations | |  1.9

Action                     || total
---------------------------++-------
  Melee: Unarmed           ||    15
         Mace              ||     8
 Armour: Robe              ||     3
  Dodge: Dodged            ||    21

Table legend: (Time is in decaauts)
 A = Elapsed time spent in this place.
 B = Non-inter-level travel time spent in this place.
 C = Inter-level travel time spent in this place.
 D = Time resting spent in this place.
 E = Time spent auto-exploring this place.
 F = Levels seen in this place.
 G = Mean time per level.
                   A        B        C        D        E       F      G
               +--------+--------+--------+--------+--------+-----+--------+
         Total |    198 |    198 |      0 |      0 |    126 |   1 |  198.0 |
       Dungeon |    198 |    198 |      0 |      0 |    126 |   1 |  198.0 |
               +--------+--------+--------+--------+--------+-----+--------+

Top non-repeatable levels by time:
     D:1: 198 daAuts
